 Dungeon Crawl Stone Soup version 0.30-a0-561-g1b0378597e (webtiles) character file.

Game seed: 8333561931598920851

5540 Errthou the Severer (level 10, -5/70 (88) HPs)
             Began as a Minotaur Berserker on Dec 27, 2022.
             Was a Priest of Trog.
             Slain by a spectral orc warrior
             ... wielding a +0 mace
             ... summoned by Nergalle
              (6 damage)
             ... on level 10 of the Dungeon on Dec 28, 2022.
             The game lasted 00:29:19 (9450 turns).

Errthou the Severer (Minotaur Berserker)            Turns: 9450, Time: 00:29:19

HP:   -5/70 (88)    AC:  8    Str: 27    XL:     10   Next: 43%
MP:   9/9           EV: 10    Int:  4    God:    Trog [***...]
Gold: 688           SH:  5    Dex:  9    Spells: 9/9 levels left

rFire   . . .      SeeInvis .    G - +2 hand axe (freeze)
rCold   . . .      Faith    .    (no shield)
rNeg    . . .      Spirit   .    j - +0 scale mail
rPois   .          Reflect  +    (helmet restricted)
rElec   .          Harm     .    (no cloak)
rCorr   .          Rampage  .    v - +0 pair of gloves
Will    +++..                    (no boots) Stlth
                                 m - amulet of reflection
HPRegen 1.31/turn                t - ring of willpower
MPRegen 0.11/turn                (no ring)

@: strong-willed, regenerating, heavily drained
A: horns 2, retaliatory headbutt
a: Renounce Religion, Berserk, Trog's Hand


You were on level 10 of the Dungeon.
You worshipped Trog.
Trog was most pleased with you.
You visited 1 branch of the dungeon, and saw 10 of its levels.

You collected 688 gold pieces.

Inventory:

Hand Weapons
 z - a +1 hand axe
 F - a +2 vampiric hand axe
 G - a +2 hand axe of freezing (weapon)
Missiles
 C - 25 poisoned darts (quivered)
Armour
 j - a +0 scale mail (worn)
 v - a +0 pair of gloves (worn)
Jewellery
 m - an amulet of reflection (around neck)
 t - a ring of willpower (left hand)
 H - a ring of positive energy
Wands
 k - a wand of flame (45)
 p - a wand of paralysis (8)
 w - a wand of roots (9)
 E - a wand of mindburst (6)
Scrolls
 b - 6 scrolls of teleportation {unknown}
 c - 3 scrolls of noise
 e - 3 scrolls of immolation
 h - 2 scrolls of magic mapping {unknown}
 i - a scroll of butterflies {unknown}
 l - 2 scrolls of fear
 o - 2 scrolls of poison {unknown}
 q - a scroll of amnesia {unknown}
 s - 2 scrolls of enchant weapon {unknown}
 y - a scroll of vulnerability {unknown}
 D - a scroll of blinking {unknown}
Potions
 a - a potion of ambrosia {unknown}
 d - 2 potions of lignification
 f - 5 potions of invisibility
 g - 7 potions of curing
 n - a potion of heal wounds
 r - 2 potions of might
 u - a potion of cancellation
 x - 2 potions of flight
 A - a potion of brilliance {unknown}
 B - 2 potions of mutation


   Skills:
 * Level 8.2 Fighting
 - Level 16.1 Axes
 + Level 5.6 Armour
 - Level 2.1 Dodging
 + Level 2.1 Evocations


You had 9 spell levels left.
You didn't know any spells.
Your spell library was empty.

Dungeon Overview and Level Annotations

Branches:
Dungeon (10/15)            Temple (0/1) D:4            Lair (0/5) D:9
    Orc: D:9-12

Altars:
Ashenzari
Dithmenos
Elyvilon
Hepliaklqana
Nemelex Xobeh
Okawaru
Ru
Wu Jian

Annotations:
D:5 2 transporters, fly's ghost, weakling DgDe
D:10 Nergalle


Innate Abilities, Weirdness & Mutations

You have a pair of horns on your head.
You reflexively headbutt those who attack you in melee.


Message History

You feel drained. x2
Okay, then.
Aiming: Fastroot
Press: ? - help, Shift-Dir - straight line, p - Nergalle The roots erupt in riotous growth!
The spectral orc warlord is unaffected.
Nergalle points at you and mumbles some strange words.
Orcish apparitions take form around you.
The spectral orc warlord hits you but does no damage.
You feel drained.
The spectral orc warrior hits you with a +0 mace!
The spectral orc attacks as you move away!
The spectral orc closely misses you.
The spectral orc warrior hits you with a +0 mace.
* * * LOW HITPOINT WARNING * * *
You feel drained.
* * * LOW HITPOINT WARNING * * *
The spectral orc warrior attacks as you move away!
The spectral orc warrior hits you but does no damage.
The spectral orc warrior attacks as you move away!
The spectral orc warrior hits you with a +0 mace.
* * * LOW HITPOINT WARNING * * *
Nergalle casts a spell at you.
Orcish apparitions take form around you.
Your skin crawls.
You feel strong-willed.
You can no longer call in reinforcements.
The spectral orc warrior hits you with a +0 trident.
* * * LOW HITPOINT WARNING * * *
You feel drained.
* * * LOW HITPOINT WARNING * * *
Nergalle gestures at you while chanting.
Orcish apparitions take form around you.
The spectral orc warrior hits you from afar with a +0 trident.
* * * LOW HITPOINT WARNING * * *
The spectral orc knight hits you with a +0 broad axe.
* * * LOW HITPOINT WARNING * * *
You feel drained.
The spectral orc warrior attacks as you move away!
The spectral orc warrior hits you with a +0 mace.
You die...

### ##.###### #.......###
####.........# #
##<.#....##...# ### ##
#........##..## ##.## #.
###.##.##....## ##...# #.
##))#####..@ZZ.###....#####.
#.))).# #..ZZ..##....##.....
##...#####...Z.Z.)...##.....
##...##.###..........#......
#..#............Z...#.......
#...#................#.......
#......####........o.>.....#..
#......##
#.........Z..#..#####
......... #............##.## #


You could see Nergalle, 2 spectral orcs, 4 spectral orc warriors, a spectral orc
knight (summoned) and a spectral orc warlord (summoned).

Vanquished Creatures
  Pikel (D:6)
  A cyclops (D:6)
  Joseph (D:8)
  A hornet (D:10)
  Grinder (D:6)
  A wyvern (D:9)
  4 yaks (D:9)
  A wraith (D:7)
  Edmund (D:6)
  3 water moccasins
  An orc warrior (D:8)
  A sky beast (D:7)
  2 black bears (D:5)
  An ogre (D:5)
  A phantom (D:7)
  A lemure (D:6)
  3 kobold brigands
  5 bullfrogs
  2 necrophages
  3 scorpions
  4 wights (D:7)
  2 howler monkeys (D:6)
  5 hounds
  A jelly (D:4)
  5 orc priests
  Jessica (D:2)
  7 iguanas
  6 orc wizards
  Robin (D:2)
  10 gnolls
  6 adders
  3 white imps (D:6)
  2 ufetubi
  4 dart slugs
  53 orcs
  3 endoplasms
  3 giant cockroaches (D:2)
  11 hobgoblins
  5 quokkas
  9 ball pythons
  5 bats
  A frilled lizard (D:2)
  21 goblins
  19 kobolds
  6 rats
228 creatures vanquished.

Vanquished Creatures (others)
  6 plants (D:5)
6 creatures vanquished.

Grand Total: 234 creatures vanquished

Notes
Turn   | Place    | Note
-------+----------+-------------------------------------------
     0 | D:1      | Errthou the Minotaur Berserker began the quest for the Orb.
     0 | D:1      | Reached XP level 1. HP: 19/19 MP: 0/0
   222 | D:1      | Reached skill level 4 in Axes
   337 | D:1      | Reached XP level 2. HP: 24/26 MP: 1/1
  1118 | D:2      | Reached ** piety under Trog
  1119 | D:2      | Reached skill level 5 in Axes
  1119 | D:2      | Reached XP level 3. HP: 24/31 MP: 2/2
  1182 | D:2      | Noticed Robin
  1199 | D:2      | Killed Robin
  1528 | D:2      | Reached skill level 6 in Axes
  1528 | D:2      | Reached XP level 4. HP: 13/39 MP: 3/3
  1763 | D:2      | Noticed Jessica
  1770 | D:2      | Killed Jessica
  2001 | D:2      | Upgraded the game from 0.30-a0-556-g0a0f5a245f to
                  | 0.30-a0-561-g1b0378597e
  2040 | D:2      | Reached skill level 7 in Axes
  2040 | D:2      | Reached XP level 5. HP: 33/45 MP: 4/4
  2534 | D:3      | Found a faded altar of an unknown god.
  3236 | D:4      | Reached skill level 8 in Axes
  3236 | D:4      | Reached XP level 6. HP: 51/51 MP: 5/5
  3247 | D:4      | Reached *** piety under Trog
  3333 | D:4      | Found an ornate altar of the Wu Jian Council.
  3500 | D:4      | You fall into a shaft and drop 2 floors!
  3500 | D:6      | Found a shadowy altar of Dithmenos.
  3500 | D:6      | Found a hazy altar of Hepliaklqana.
  3501 | D:6      | Noticed Grinder
  3502 | D:6      | Noticed a shadow
  3517 | D:6      | Reached skill level 9 in Axes
  3538 | D:6      | Paralysed by Grinder for 3 turns
  3546 | D:6      | Killed Grinder
  3547 | D:6      | Reached skill level 10 in Axes
  3547 | D:6      | Reached XP level 7. HP: 42/57 MP: 6/6
  3602 | D:5      | Entered Level 5 of the Dungeon
  3778 | D:5      | Reached skill level 11 in Axes
  3813 | D:5      | Identified the +2 ring mail of Ruanurume {Will+ Int+4
                  | Dex+2}
  3898 | D:5      | Reached XP level 8. HP: 56/64 MP: 7/7
  3938 | D:5      | Reached skill level 12 in Axes
  4215 | D:5      | Found a transporter.
  4221 | D:5      | Found a transporter.
  4224 | D:5      | Noticed fly's ghost (weakling DgDe)
  4484 | D:4      | Found a staircase to the Ecumenical Temple.
  4901 | D:6      | Found a broken altar of Ashenzari.
  4998 | D:6      | Reached skill level 13 in Axes
  5179 | D:6      | Noticed Pikel
  5191 | D:6      | Killed Pikel
  5192 | D:6      | Reached skill level 14 in Axes
  5192 | D:6      | Reached XP level 9. HP: 54/70 MP: 8/8
  5346 | D:6      | Found a sacrificial altar of Ru.
  5346 | D:6      | Found an iron altar of Okawaru.
  5470 | D:6      | Noticed Edmund
  5473 | D:6      | Noticed a cyclops
  5501 | D:6      | Killed Edmund
  5508 | D:6      | Killed a cyclops
  5509 | D:6      | Reached skill level 15 in Axes
  5611 | D:6      | Noticed a troll
  5675 | D:6      | Identified the +6 trident of Oticoiff {speed, rPois rN+
                  | Int+3 Dex-3}
  6272 | D:7      | Reached skill level 16 in Axes
  6675 | D:7      | Reached skill level 5 in Fighting
  6828 | D:7      | Found a sparkling altar of Nemelex Xobeh.
  7418 | D:8      | Noticed Joseph
  7428 | D:8      | Killed Joseph
  7429 | D:8      | Reached XP level 10. HP: 64/83 MP: 9/9
  7929 | D:8      | Found a white marble altar of Elyvilon.
  7959 | D:8      | Found a flagged portal.
  8228 | D:8      | Reached **** piety under Trog
  8626 | D:9      | Reached skill level 5 in Armour
  8626 | D:9      | Reached skill level 1 in Evocations
  8830 | D:9      | Found a staircase to the Lair.
  9165 | D:10     | Entered Level 10 of the Dungeon
  9416 | D:10     | Noticed Nergalle
  9427 | D:10     | Noticed a spectral orc warlord
  9449 | D:10     | HP: 3/71 [spectral orc warrior/+0 trident[Nergalle] (6)]
  9449 | D:10     | HP: 1/71 [spectral orc knight/+0 broad axe[Nergalle] (2)]
  9450 | D:10     | Slain by a spectral orc warrior

Illustrated notes

Levels and vault maps discovered:
D:1:      eino_arrival_tree_alley, layout_basic, serial_corexii_hall,
          corexii_hall_statues_s, corexii_hall_statues_u,
          chequers_hall_statues_wall_a, corexii_hall_statues_x,
          chequers_hall_statues_wall_a, corexii_hall_statues_l
D:2:      layout_basic, chequers_serial_rivers_micro_b, uniq_jessica, uniq_robin
D:3:      layout_loops_ring, hellmonk_ecumenical_altar_lost_god
D:4:      layout_basic, overflow_temple_1_default, temple_hall
D:5:      minmay_bubble_buster, layout_rooms, gammafunk_ghost_gnarly_gnolls
D:6:      layout_cave_pods, riverfiend_overflow_shadow_ancestor,
          cheibrodos_ashenzari_chains, nicolae_overflow_two_pavilions,
          lightli_corner_chamber, uniq_pikel, uniq_edmund, uniq_grinder
D:7:      layout_loops_corners, nemelex_diamond_rough_becter
D:8:      layout_rooms, marbit_many_paths, enter_bailey_5, special_room
          [special_room_orc], kennysheep_generic_room_3, uniq_joseph
D:9:      layout_irregular_city, dpeg_oklobed_lair
D:10:     layout_cave_pools, nicolae_gozag_zags_fifth_avenue, uniq_nergalle

Skill      XL: |  1  2  3  4  5  6  7  8  9 10 |
---------------+-------------------------------+-----
Axes           | 4 5 6 7 8 10 11 14 16 | 16.1
Fighting       | 6 8 |  8.2
Armour         | 4 5 |  5.6
Evocations     | 2 |  2.1
Dodging        | |  2.1

Action                   |  1- 3 |  4- 6 |  7- 9 | 10-12 || total
-------------------------+-------+-------+-------+-------++-------
Melee: Hand axe          |    60 |   123 |   374 |   131 ||   688
       Headbutt          |     2 |    21 |    70 |    19 ||   112
       Punch             |       |       |     5 |       ||     5
Throw: Dart              |       |       |       |     4 ||     4
Invok: Trog's Hand       |     2 |     3 |    11 |     5 ||    21
       Berserk           |     1 |     1 |     3 |     1 ||     6
Evoke: Wand              |       |     4 |       |     7 ||    11
  Use: Scroll            |       |       |     9 |     2 ||    11
 Stab: Sleeping          |       |     1 |       |       ||     1
Armor: Animal skin       |     6 |     7 |       |       ||    13
       Scale mail        |       |    20 |    64 |    29 ||   113
Dodge: Dodged            |    36 |    74 |    99 |    36 ||   245
Block: Other             |       |    16 |    43 |    22 ||    81
       Reflection        |       |     1 |     4 |     6 ||    11

Table legend: (Time is in decaauts)
 A = Elapsed time spent in this place.
 B = Non-inter-level travel time spent in this place.
 C = Inter-level travel time spent in this place.
 D = Time resting spent in this place.
 E = Time spent auto-exploring this place.
 F = Levels seen in this place.
 G = Mean time per level.
                   A        B        C        D        E       F      G
               +--------+--------+--------+--------+--------+-----+--------+
         Total |   9318 |   9077 |    241 |   1753 |   5850 |  10 |  931.8 |
       Dungeon |   9318 |   9077 |    241 |   1753 |   5850 |  10 |  931.8 |
               +--------+--------+--------+--------+--------+-----+--------+

Top non-repeatable levels by time:
     D:2: 1439 daAuts
     D:7: 1368 daAuts
     D:6: 1171 daAuts
     D:8: 1088 daAuts
     D:1: 1050 daAuts
     D:4: 902 daAuts
     D:5: 722 daAuts
     D:9: 644 daAuts
     D:3: 643 daAuts
    D:10: 286 daAuts
